AoeStats
← bumbsbomba74

Arabia

506361198Analyzed
1v1 RM · 20d ago on Sep 13, 2026· 38m 46s· 2 players
Game mode
Random Map
Map size
Tiny (2 player)
Population
200
Speed
Normal
Resources
Standard
Victory
Conquest
Starting age
Dark Age
Ending age
Imperial Age
RankedLock teamsTeams togetherTeam positionsShared explorationLock speedFull tech treeHidden civsTurbo modeCheats
Victory
Defeat
🇩🇪 Spanish · Germany
1423
+14
🇹🇷 Jurchens · Türkiye
1386
-14
bumbsbomba74
6:19 Loom
8:51 Feudal Age
9:50 Double-Bit Axe
10:19 Horse Collar
19:40 Castle Age
20:43 Bow Saw
24:08 Fletching
24:55 Padded Archer Armor
25:44 Bloodlines
28:44 Heavy Plow
29:28 Wheelbarrow
31:17 Leather Archer Armor
31:08 Husbandry
34:11 Hand Cart
34:43 Gold Mining
36:35 Town Watch
TahRibat
4:39 Loom
10:02 Feudal Age
10:50 Double-Bit Axe
20:04 Castle Age
18:31 Scale Mail Armor
20:09 Padded Archer Armor
21:04 Bow Saw
22:50 Pikeman
24:51 Chain Mail Armor
30:24 Stone Mining
37:02 Leather Archer Armor
39:27 Imperial Age
37:02 Elite Skirmisher
38:12 Fletching
Connection lost

Rejoining the realm…

Still unreachable

The connection could not be restored.

Session expired

The server has moved on; the page needs a fresh start.